 Dungeon Crawl Stone Soup version 0.29-a0-299-g4c793a2ed2 (webtiles) character file.

Game seed: 16835012814184947357

14 GordonOverkill the Shooter (level 2, -3/17 HPs)
             Began as a Deep Elf Hunter on Mar 24, 2022.
             Slain by a kobold
             ... wielding a +0 short sword
              (5 damage)
             ... on level 1 of the Dungeon.
             The game lasted 00:01:00 (572 turns).

GordonOverkill the Shooter (Deep Elf Hunter)         Turns: 572, Time: 00:01:01

Health: -3/17      AC: 10    Str:  8    XL:     2   Next: 27%
Magic:  4/4        EV:  0    Int: 13    God:
Gold:   0          SH:  0    Dex: 18    Spells: 1/1 levels left

rFire   . . .      SeeInvis .   a - +1 shortbow
rCold   . . .      Faith    .   (shield currently unavailable)
rNeg    . . .      Spirit   .   d - +0 plate armour
rPois   .          Reflect  .   (no helmet)
rElec   .          Harm     .   (no cloak)
rCorr   .          Rampage  .   (no gloves)
Will    .....                   (no boots)
Stlth   ..........              (no amulet)
HPRegen 0.05/turn               (no ring)
MPRegen 0.09/turn               (no ring)

@: no status effects
A: no striking features
a: no special abilities


You were on level 1 of the Dungeon.
You visited 1 branch of the dungeon, and saw 1 of its levels.

Inventory:

Hand Weapons
 a - a +1 shortbow (weapon)
Armour
 d - a +0 plate armour (worn)
Scrolls
 c - a scroll of immolation


   Skills:
 + Level 1.9 Fighting
 + Level 5.6 Bows
 + Level 0.7 Armour
 - Level 2.4 Dodging
 - Level 1.2 Stealth


You had one spell level left.
You didn't know any spells.
Your spell library was empty.

Dungeon Overview and Level Annotations

Branches:
Dungeon (1/15)

Altars:


Message History

Aim: a kobold, wielding a +0 short sword and wearing a +0 ring mail (61% to hit)
You shoot an arrow. The arrow hits the kobold.
The kobold is moderately wounded.
The kobold hits you with a +0 short sword.
* * * LOW HITPOINT WARNING * * *
The kobold hits you with a +0 short sword.
* * * LOW HITPOINT WARNING * * *
Shoot: a) +1 shortbow
Press: ? - help, Q - select action Shift-Dir - straight line, f/p - kobold
Aim: a kobold, wielding a +0 short sword and wearing a +0 ring mail (61% to hit)
You shoot an arrow.
The arrow hits the kobold but does no damage.
The kobold completely misses you.
The kobold hits you with a +0 short sword.
* * * LOW HITPOINT WARNING * * *
Shoot: a) +1 shortbow
Press: ? - help, Q - select action Shift-Dir - straight line, f/p - kobold
Aim: a kobold, wielding a +0 short sword and wearing a +0 ring mail (61% to hit)
You shoot an arrow. The arrow closely misses the kobold.
The kobold hits you but does no damage. x3
The kobold attacks as you move away! The kobold hits you but does no damage.
Shoot: a) +1 shortbow
Press: ? - help, Q - select action Shift-Dir - straight line, f/p - kobold
Aim: a kobold, wielding a +0 short sword and wearing a +0 ring mail (61% to hit)
You shoot an arrow.
The arrow hits the kobold but does no damage.
The kobold hits you with a +0 short sword.
* * * LOW HITPOINT WARNING * * *
The kobold hits you but does no damage.
Shoot: a) +1 shortbow
Press: ? - help, Q - select action Shift-Dir - straight line, f/p - kobold
Aim: a kobold, wielding a +0 short sword and wearing a +0 ring mail (61% to hit)
You shoot an arrow. The arrow closely misses the kobold.
The kobold hits you but does no damage. x2
Shoot: a) +1 shortbow
Press: ? - help, Q - select action Shift-Dir - straight line, f/p - kobold
Aim: a kobold, wielding a +0 short sword and wearing a +0 ring mail (61% to hit)
You shoot an arrow. The arrow closely misses the kobold.
The kobold hits you with a +0 short sword.
You die...

#.#
##..[##.#'# #
#.# ##.####.##
# #.# ###
###### # #.#
#.....# #.#
####. #.†.
#.####....
#... #.†....#
#... #..###.#
.## #..#
#..@K..##.†.).
#..#
##.##..).(...#
...#
#.##...##..#[
..#.. #.###..#
# #.. # ..#
##.# ### ..
#.# .. ..#


You could see a kobold.

Vanquished Creatures
  A ball python (D:1)
  2 endoplasms (D:1)
  2 goblins (D:1)
  A kobold (D:1)
  A quokka (D:1)
  A bat (D:1)
  3 frilled lizards (D:1)
  3 rats (D:1)
14 creatures vanquished.

Notes
Turn   | Place    | Note
-------+----------+-------------------------------------------
     0 | D:1      | GordonOverkill the Deep Elf Hunter began the quest for the
                  | Orb.
     0 | D:1      | Reached XP level 1. HP: 12/12 MP: 3/3
   201 | D:1      | Found a faded altar of an unknown god.
   307 | D:1      | Reached XP level 2. HP: 11/17 MP: 4/4
   572 | D:1      | Slain by a kobold

Illustrated notes

Levels and vault maps discovered:
D:1:      dpeg_arrival_rhombi, layout_loops_ring,
          nicolae_ecumenical_snake_handling, minmay_heptomino_o4

Action                   || total
-------------------------++-------
 Fire: Shortbow          ||    36
Armor: Plate armour      ||    33
Dodge: Dodged            ||     2

Table legend: (Time is in decaauts)
 A = Elapsed time spent in this place.
 B = Non-inter-level travel time spent in this place.
 C = Inter-level travel time spent in this place.
 D = Time resting spent in this place.
 E = Time spent auto-exploring this place.
 F = Levels seen in this place.
 G = Mean time per level.
                   A        B        C        D        E       F      G
               +--------+--------+--------+--------+--------+-----+--------+
         Total |    616 |    574 |     42 |    247 |    197 |   1 |  616.0 |
       Dungeon |    616 |    574 |     42 |    247 |    197 |   1 |  616.0 |
               +--------+--------+--------+--------+--------+-----+--------+

Top non-repeatable levels by time:
     D:1: 616 daAuts
